 Dungeon Crawl Stone Soup version 0.29.0-4-gdea44cf6ec (webtiles) character file.

Game seed: 12011168228776475579

3476 qw the Grappler (level 9, -9/88 HPs)
             Began as a Troll Cinder Acolyte on Sept 1, 2022.
             Was a Priest of Ignis.
             Killed from afar by an acid dragon (12 damage)
             ... with a splash of acid
             ... on level 9 of the Dungeon.
             The game lasted 00:03:53 (7311 turns).

qw the Grappler (Troll Cinder Acolyte)              Turns: 7311, Time: 00:03:54

Health: -9/88      AC: 13    Str: 28    XL:     9   Next: 79%
Magic:  9/9        EV:  9    Int: 10    God:    Ignis [***...]
Gold:   291        SH:  0    Dex:  5    Spells: 10/10 levels left

rFire   + . .      SeeInvis .     - Unarmed
rCold   . . .      Faith    .   (no shield)
rNeg    . . .      Spirit   .   n - +1 steam dragon scales
rPois   .          Reflect  .   (helmet restricted)
rElec   .          Harm     .   h - +1 cloak {Will+}
rCorr   +          Rampage  .   (gloves unavailable)
Will    ++...                   (boots unavailable)
Stlth   +.........              (no amulet)
HPRegen 1.04/turn               e - ring of willpower
MPRegen 0.11/turn               i - ring of resist corrosion

@: lethally poisoned (-9 -> -14), about to teleport, corroded, fiery-armoured
A: large, unfitting armour, claws 3, regeneration 1, shaggy fur 1, tough skin 1
a: Renounce Religion, Fiery Armour, Foxfire Swarm, Rising Flame


You were on level 9 of the Dungeon.
You worshipped Ignis.
Ignis was most pleased with you.
You visited 1 branch of the dungeon, and saw 9 of its levels.
You also visited: Ossuary.

You collected 525 gold pieces.
You spent 234 gold pieces at shops.


Innate Abilities, Weirdness & Mutations

You are too large for most types of armour.
You have claws for hands.
Your natural rate of healing is unusually fast.
You are covered in fur. (AC +1)
You have tough skin. (AC +1)


   Skills:
 - Level 5.0 Fighting
 - Level 1.0 Throwing
 - Level 1.7 Armour
 - Level 1.0 Dodging
 + Level 12.8 Unarmed Combat
 - Level 1.0 Spellcasting
 - Level 2.1 Fire Magic


You had 10 spell levels left.
You didn't know any spells.
Your spell library contained the following spells:

 Spells                   Type           Power      Damage    Failure   Level
 Scorch                   Fire           8%         2d5       22%         2

Inventory:

Armour
 b - a scarf of repulsion
 h - a +1 cloak of willpower (worn)
 n - +1 steam dragon scales (worn)
Jewellery
 e - a ring of willpower (left claw)
 f - a ring of resist corrosion
 i - a ring of resist corrosion (right claw)
Scrolls
 c - 3 scrolls of identify
 g - a scroll of enchant weapon
Potions
 j - 2 potions of curing
 k - a potion of haste
 m - a potion of cancellation

Dungeon Overview and Level Annotations

Branches:
Dungeon (9/15)             Temple (0/1) D:4         Ossuary (visited)
   Lair: D:8-11         Orc: D:9-12

Altars:
Qazlal
Wu Jian

Shops:
D:1 (   D:5 *


Message History

The killer bee is burned by your cloak of flames.
The killer bee is heavily wounded.
The killer bee stings you.
You are more poisoned.
The killer bee poisons you!
The killer bee is burned by your cloak of flames.
You kill the killer bee!
The killer bee stings you.
The killer bee is burned by your cloak of flames.
The killer bee is almost dead.
The acid dragon barely misses you.
The acid dragon claws you but does no damage.
The killer bee barely misses you.
You barely miss the killer bee.
The killer bee is almost dead.
You feel very sick.
The killer bee stings you but does no damage.
The killer bee is burned by your cloak of flames.
The killer bee is severely wounded.
The killer bee barely misses you.
You mangle the killer bee!!
You kill the killer bee!
You feel very sick. The killer bee stings you.
The killer bee is burned by your cloak of flames.
The killer bee is almost dead.
The acid dragon bites you but does no damage.
The acid dragon is burned by your cloak of flames.
The acid dragon is lightly wounded.
The acid dragon claws you but does no damage.
The acid dragon is burned by your cloak of flames.
The acid dragon is lightly wounded.
The killer bee barely misses you.
You closely miss the killer bee.
The killer bee is almost dead.
You feel very sick. The killer bee barely misses you.
The acid dragon spits acid at you. The splash of acid hits you! You resist.
You die...

.....?/..# #..# ##
..........# #..#
..........# #..#
..........# #..#
..........# #..#
..........# #..#
..........# #.<#
......%...# #..#
......y@D.# #..#
..........# #..#
........$.# #..#
..........# #..#
..........####..########
.............[..........
........................
########################


You could see an acid dragon (catching breath) and a killer bee.

Vanquished Creatures
  A hornet (D:6)
  A wraith (Ossuary)
  A steam dragon (D:7)
  2 water moccasins
  2 black bears
  2 ice beasts (D:7)
  2 ogres
  A centaur (D:6)
  A phantom (D:5)
  2 kobold brigands
  3 bullfrogs
  3 necrophages
  A scorpion (D:6)
  9 wights
  3 killer bees (D:9)
  6 howler monkeys (D:7)
  An orc priest (D:4)
  2 hounds
  3 jellies
  Jessica (D:2)
  2 iguanas (D:6)
  5 orc wizards
  Ijyb (D:4)
  5 mummies
  Robin (D:2)
  6 adders
  8 gnolls
  2 ufetubi
  4 worms
  4 dart slugs
  20 orcs
  4 ball pythons
  5 bats
  5 endoplasms
  5 giant cockroaches
  13 goblins
  11 hobgoblins
  5 kobolds
  5 quokkas
  4 frilled lizards
  2 gnoll zombies (Ossuary)
  3 goblin zombies (Ossuary)
  6 hobgoblin zombies
  3 kobold zombies
  An orc zombie (Ossuary)
  6 rats
183 creatures vanquished.

Notes
Turn   | Place    | Note
-------+----------+-------------------------------------------
     0 | D:1      | qw the Troll Cinder Acolyte began the quest for the Orb.
     0 | D:1      | Reached XP level 1. HP: 22/22 MP: 1/1
     0 | D:1      | 0 ||| qw: Version: 0.1-a-97-g2dd2ca4
     0 | D:1      | 0 ||| qw: Game counter: 4692
     0 | D:1      | 0 ||| qw: Always use a shield: true
     0 | D:1      | 0 ||| qw: God list: Okawaru
     0 | D:1      | 0 ||| qw: Allow faded altars: false
     0 | D:1      | 0 ||| qw: Do Orc after D:15 true
     0 | D:1      | 0 ||| qw: Do second Lair branch before Depths: true
     0 | D:1      | 0 ||| qw: Lair rune preference: random
     0 | D:1      | 0 ||| qw: Plans: Normal
     0 | D:1      | 0 ||| PLANNING D:1-11
   179 | D:1      | Found Cyckur's Weapon Shoppe.
   189 | D:1      | Reached XP level 2. HP: 29/29 MP: 2/2
   284 | D:1      | 284 ||| Stepping ~*~*~tactically~*~*~ (stealth).
   397 | D:1      | Reached skill level 4 in Unarmed Combat
   624 | D:1      | Reached XP level 3. HP: 36/36 MP: 3/3
   799 | D:1      | 799 ||| DROPPING ring of wizardry.
   800 | D:1      | 800 ||| READING 2 scrolls labelled HORIST LARPHIKK.
   801 | D:1      | 801 ||| READING scroll labelled KOOPLI YN TUKA.
   802 | D:1      | 802 ||| READING scroll labelled EPUODI DAUSYFI.
   803 | D:1      | 803 ||| DROPPING scroll of fear.
   822 | D:2      | 822 ||| FLEEEEING.
   824 | D:2      | 824 ||| STAIRDANCE
   899 | D:2      | Noticed Jessica
   900 | D:2      | 900 ||| Stepping ~*~*~tactically~*~*~ (hiding).
   901 | D:2      | 901 ||| Stepping ~*~*~tactically~*~*~ (hiding).
   903 | D:2      | 903 ||| Stepping ~*~*~tactically~*~*~ (hiding).
   904 | D:2      | 904 ||| Stepping ~*~*~tactically~*~*~ (hiding).
   908 | D:2      | Killed Jessica
   909 | D:2      | Reached skill level 5 in Unarmed Combat
   909 | D:2      | Reached XP level 4. HP: 44/44 MP: 4/4
   987 | D:2      | 987 ||| Stepping ~*~*~tactically~*~*~ (stealth).
   988 | D:2      | 988 ||| INVOKING Fiery Armour.
   993 | D:2      | 993 ||| Stepping ~*~*~tactically~*~*~ (outnumbered).
   994 | D:2      | 994 ||| Stepping ~*~*~tactically~*~*~ (outnumbered).
   995 | D:2      | 995 ||| Stepping ~*~*~tactically~*~*~ (outnumbered).
   998 | D:2      | Noticed Robin
   999 | D:2      | 999 ||| Stepping ~*~*~tactically~*~*~ (outnumbered).
  1000 | D:2      | 1000 ||| Stepping ~*~*~tactically~*~*~ (stealth).
  1010 | D:2      | 1010 ||| Stepping ~*~*~tactically~*~*~ (stealth).
  1012 | D:2      | 1012 ||| Stepping ~*~*~tactically~*~*~ (stealth).
  1014 | D:2      | 1014 ||| Stepping ~*~*~tactically~*~*~ (stealth).
  1020 | D:2      | 1020 ||| Stepping ~*~*~tactically~*~*~ (hiding).
  1022 | D:2      | 1022 ||| Stepping ~*~*~tactically~*~*~ (hiding).
  1025 | D:2      | 1025 ||| Stepping ~*~*~tactically~*~*~ (hiding).
  1031 | D:2      | Killed Robin
  1064 | D:2      | 1064 ||| Stepping ~*~*~tactically~*~*~ (stealth).
  1350 | D:2      | 1350 ||| UPGRADING to ring of willpower.
  1351 | D:2      | 1351 ||| READING scroll labelled QUVURA URABB.
  1352 | D:2      | 1352 ||| DRINKING 3 sedimented ruby potions.
  1353 | D:2      | 1353 ||| READING 5 scrolls of identify.
  1353 | D:2      | 1353 ||| IDENTIFYING orange potion
  1354 | D:2      | 1354 ||| READING 4 scrolls of identify.
  1354 | D:2      | 1354 ||| IDENTIFYING inky potion
  1355 | D:2      | 1355 ||| DROPPING potion of flight.
  1356 | D:2      | 1356 ||| DROPPING 2 potions of brilliance.
  1357 | D:2      | 1357 ||| DROPPING potion of degeneration.
  1376 | D:3      | 1376 ||| Stepping ~*~*~tactically~*~*~ (hiding).
  1627 | D:3      | Reached XP level 5. HP: 50/50 MP: 5/5
  2017 | D:3      | Identified the +0 robe of Micag {rN+}
  2467 | D:3      | 2467 ||| UPGRADING to scarf of repulsion.
  2472 | D:3      | 2472 ||| UPGRADING to +0 robe of Micag {rN+}.
  2482 | D:3      | 2482 ||| DROPPING +0 robe.
  2483 | D:3      | 2483 ||| READING scroll labelled GUTUFO ZUTEAPH.
  2484 | D:3      | 2484 ||| READING 4 scrolls of identify.
  2484 | D:3      | 2484 ||| IDENTIFYING sapphire potion
  2485 | D:3      | 2485 ||| DROPPING potion of lignification.
  2693 | D:4      | 2693 ||| INVOKING Fiery Armour.
  2699 | D:4      | Reached skill level 6 in Unarmed Combat
  2791 | D:4      | Found a staircase to the Ecumenical Temple.
  2976 | D:4      | Found a stormy altar of Qazlal.
  3057 | D:4      | 3057 ||| Stepping ~*~*~tactically~*~*~ (stealth).
  3061 | D:4      | 3061 ||| Stepping ~*~*~tactically~*~*~ (outnumbered).
  3069 | D:4      | 3069 ||| INVOKING Fiery Armour.
  3075 | D:4      | Reached XP level 6. HP: 32/59 MP: 6/6
  3076 | D:4      | Reached skill level 7 in Unarmed Combat
  3275 | D:4      | Noticed Ijyb
  3276 | D:4      | 3276 ||| Stepping ~*~*~tactically~*~*~ (hiding).
  3283 | D:4      | Killed Ijyb
  3483 | D:4      | 3483 ||| DROPPING amulet of magic regeneration.
  3484 | D:4      | 3484 ||| UPGRADING to ring of resist corrosion.
  3485 | D:4      | 3485 ||| READING scroll labelled UROS GEHUPN.
  3486 | D:4      | 3486 ||| READING 4 scrolls of identify.
  3486 | D:4      | 3486 ||| IDENTIFYING golden potion
  3487 | D:4      | 3487 ||| DROPPING potion of ambrosia.
  3503 | D:5      | Entered Level 5 of the Dungeon
  3639 | D:5      | 3639 ||| INVOKING Fiery Armour.
  3774 | D:5      | Reached skill level 8 in Unarmed Combat
  3774 | D:5      | Reached XP level 7. HP: 66/66 MP: 7/7
  3803 | D:5      | Reached skill level 3 in Fighting
  3822 | D:5      | 3822 ||| Stepping ~*~*~tactically~*~*~ (stealth).
  3849 | D:5      | Found Wauc's General Store.
  3854 | D:5      | 3854 ||| BUYING +1 cloak of willpower (198 gold).
  3854 | D:5      | Bought a +1 cloak of willpower for 198 gold pieces
  3854 | D:5      | 3854 ||| BUYING potion of curing (36 gold).
  3854 | D:5      | Bought a potion of curing for 36 gold pieces
  3981 | D:5      | 3981 ||| Stepping ~*~*~tactically~*~*~ (outnumbered).
  3982 | D:5      | 3982 ||| Stepping ~*~*~tactically~*~*~ (outnumbered).
  3983 | D:5      | 3983 ||| Stepping ~*~*~tactically~*~*~ (outnumbered).
  3986 | D:5      | Reached skill level 9 in Unarmed Combat
  3992 | D:5      | Reached skill level 1 in Dodging
  4048 | D:5      | Reached XP level 8. HP: 68/75 MP: 8/8
  4291 | D:5      | 4291 ||| UPGRADING to +1 cloak of willpower.
  4301 | D:5      | 4301 ||| READING scroll labelled SUILYT DEUDWE.
  4302 | D:5      | 4302 ||| READING scroll labelled TOJAENUMOR.
  4334 | D:5      | 4334 ||| READING 3 scrolls of identify.
  4334 | D:5      | 4334 ||| IDENTIFYING metallic brown potion
  4340 | D:6      | Noticed a hornet
  4349 | D:6      | 4349 ||| INVOKING Fiery Armour.
  4351 | D:6      | Killed a hornet
  4352 | D:6      | Reached skill level 10 in Unarmed Combat
  4352 | D:6      | 4352 ||| STAIRDANCE
  4433 | D:6      | 4433 ||| Stepping ~*~*~tactically~*~*~ (stealth).
  4496 | D:6      | 4496 ||| Stepping ~*~*~tactically~*~*~ (hiding).
  4508 | D:6      | 4508 ||| INVOKING Fiery Armour.
  4511 | D:6      | Reached skill level 1 in Throwing
  4682 | D:6      | 4682 ||| Stepping ~*~*~tactically~*~*~ (hiding).
  4704 | D:6      | 4704 ||| FLEEEEING.
  4705 | D:6      | 4705 ||| FLEEEEING.
  4706 | D:6      | 4706 ||| FLEEEEING.
  4707 | D:6      | 4707 ||| FLEEEEING.
  4708 | D:6      | 4708 ||| FLEEEEING.
  4709 | D:6      | 4709 ||| FLEEEEING.
  4804 | D:6      | 4804 ||| Stepping ~*~*~tactically~*~*~ (stealth).
  4936 | D:6      | 4936 ||| READING 2 scrolls of identify.
  4936 | D:6      | 4936 ||| IDENTIFYING viscous clear potion
  4937 | D:6      | 4937 ||| DROPPING potion of invisibility.
  4954 | D:7      | 4954 ||| PLANNING OSSUARY
  5094 | D:7      | 5094 ||| Stepping ~*~*~tactically~*~*~ (stealth).
  5098 | D:7      | 5098 ||| Stepping ~*~*~tactically~*~*~ (stealth).
  5190 | D:7      | Reached skill level 11 in Unarmed Combat
  5236 | D:7      | 5236 ||| Stepping ~*~*~tactically~*~*~ (stealth).
  5246 | D:7      | Reached XP level 9. HP: 84/84 MP: 9/9
  5308 | D:7      | 5308 ||| Stepping ~*~*~tactically~*~*~ (stealth).
  5383 | D:7      | Found a sand-covered staircase.
  5389 | D:7      | 5389 ||| UPGRADING to +0 steam dragon scales.
  5399 | D:7      | 5399 ||| DROPPING +0 robe of Micag {rN+}.
  5400 | D:7      | 5400 ||| READING scroll labelled COGAAS PIANEO.
  5401 | D:7      | 5401 ||| READING 3 scrolls of identify.
  5401 | D:7      | 5401 ||| IDENTIFYING dark potion
  5402 | D:7      | 5402 ||| DROPPING potion of attraction.
  5406 | Ossuary  | Entered an ossuary
  5419 | Ossuary  | 5419 ||| Stepping ~*~*~tactically~*~*~ (stealth).
  5442 | Ossuary  | 5442 ||| Stepping ~*~*~tactically~*~*~ (stealth).
  5446 | Ossuary  | 5446 ||| Stepping ~*~*~tactically~*~*~ (stealth).
  5488 | Ossuary  | 5488 ||| Stepping ~*~*~tactically~*~*~ (stealth).
  5638 | Ossuary  | Reached skill level 1 in Armour
  5739 | Ossuary  | 5739 ||| READING 2 scrolls labelled ASHUTRAQEA.
  5742 | Ossuary  | 5742 ||| READING 2 scrolls labelled FEDUOZ MOLAGH.
  5743 | Ossuary  | 5743 ||| READING scroll of enchant armour.
  5743 | Ossuary  | 5743 ||| ENCHANTING +0 steam dragon scales.
  5744 | Ossuary  | 5744 ||| READING scroll labelled NERUCE TEBOOFY.
  5745 | Ossuary  | 5745 ||| READING 3 scrolls of identify.
  5745 | Ossuary  | 5745 ||| IDENTIFYING green potion
  5746 | Ossuary  | 5746 ||| READING 2 scrolls of identify.
  5746 | Ossuary  | 5746 ||| IDENTIFYING metallic coppery potion
  5747 | Ossuary  | 5747 ||| DROPPING potion of magic.
  5784 | D:7      | 5784 ||| PLANNING D:1-11
  5797 | D:7      | Reached skill level 12 in Unarmed Combat
  5797 | D:7      | 5797 ||| Stepping ~*~*~tactically~*~*~ (stealth).
  5940 | D:7      | 5940 ||| Stepping ~*~*~tactically~*~*~ (stealth).
  5944 | D:7      | 5944 ||| Stepping ~*~*~tactically~*~*~ (hiding).
  5950 | D:7      | 5950 ||| Stepping ~*~*~tactically~*~*~ (stealth).
  6011 | D:7      | 6011 ||| Stepping ~*~*~tactically~*~*~ (stealth).
  6054 | D:7      | 6054 ||| Stepping ~*~*~tactically~*~*~ (stealth).
  6249 | D:7      | 6249 ||| READING scroll labelled TEG KULUSTOSTO.
  6287 | D:8      | 6287 ||| Stepping ~*~*~tactically~*~*~ (stealth).
  6288 | D:8      | 6288 ||| Stepping ~*~*~tactically~*~*~ (stealth).
  6494 | D:8      | 6494 ||| Stepping ~*~*~tactically~*~*~ (stealth).
  6501 | D:8      | 6501 ||| Stepping ~*~*~tactically~*~*~ (stealth).
  6502 | D:8      | 6502 ||| Stepping ~*~*~tactically~*~*~ (stealth).
  6510 | D:8      | 6510 ||| FLEEEEING.
  6511 | D:8      | 6511 ||| FLEEEEING.
  6512 | D:8      | 6512 ||| FLEEEEING.
  6513 | D:8      | 6513 ||| FLEEEEING.
  6514 | D:8      | 6514 ||| FLEEEEING.
  6515 | D:8      | 6515 ||| FLEEEEING.
  6516 | D:8      | 6516 ||| FLEEEEING.
  6517 | D:8      | 6517 ||| FLEEEEING.
  6518 | D:8      | 6518 ||| FLEEEEING.
  6519 | D:8      | 6519 ||| FLEEEEING.
  6520 | D:8      | 6520 ||| FLEEEEING.
  6521 | D:8      | 6521 ||| FLEEEEING.
  6522 | D:8      | 6522 ||| FLEEEEING.
  6523 | D:8      | 6523 ||| FLEEEEING.
  6524 | D:8      | 6524 ||| FLEEEEING.
  6525 | D:8      | 6525 ||| FLEEEEING.
  6526 | D:8      | 6526 ||| FLEEEEING.
  6529 | D:8      | 6529 ||| FLEEEEING.
  6530 | D:8      | 6530 ||| FLEEEEING.
  6531 | D:8      | 6531 ||| FLEEEEING.
  6532 | D:8      | 6532 ||| FLEEEEING.
  6533 | D:8      | 6533 ||| FLEEEEING.
  6534 | D:8      | 6534 ||| FLEEEEING.
  6535 | D:8      | 6535 ||| FLEEEEING.
  6536 | D:8      | 6536 ||| FLEEEEING.
  6537 | D:8      | 6537 ||| FLEEEEING.
  6538 | D:8      | 6538 ||| FLEEEEING.
  6539 | D:8      | 6539 ||| FLEEEEING.
  6540 | D:8      | 6540 ||| FLEEEEING.
  6541 | D:8      | 6541 ||| FLEEEEING.
  6542 | D:8      | 6542 ||| FLEEEEING.
  6543 | D:8      | 6543 ||| FLEEEEING.
  6549 | D:8      | 6549 ||| FLEEEEING.
  6550 | D:8      | 6550 ||| FLEEEEING.
  6553 | D:8      | 6553 ||| FLEEEEING.
  6554 | D:8      | 6554 ||| FLEEEEING.
  6555 | D:8      | 6555 ||| FLEEEEING.
  6562 | D:8      | 6562 ||| FLEEEEING.
  6563 | D:8      | 6563 ||| FLEEEEING.
  6564 | D:8      | 6564 ||| FLEEEEING.
  6565 | D:8      | 6565 ||| FLEEEEING.
  7076 | D:8      | 7076 ||| Stepping ~*~*~tactically~*~*~ (outnumbered).
  7077 | D:8      | 7077 ||| Stepping ~*~*~tactically~*~*~ (outnumbered).
  7078 | D:8      | 7078 ||| Stepping ~*~*~tactically~*~*~ (outnumbered).
  7079 | D:8      | 7079 ||| Stepping ~*~*~tactically~*~*~ (outnumbered).
  7080 | D:8      | 7080 ||| Stepping ~*~*~tactically~*~*~ (outnumbered).
  7081 | D:8      | 7081 ||| Stepping ~*~*~tactically~*~*~ (outnumbered).
  7082 | D:8      | 7082 ||| Stepping ~*~*~tactically~*~*~ (outnumbered).
  7083 | D:8      | 7083 ||| Stepping ~*~*~tactically~*~*~ (outnumbered).
  7084 | D:8      | 7084 ||| Stepping ~*~*~tactically~*~*~ (outnumbered).
  7085 | D:8      | 7085 ||| Stepping ~*~*~tactically~*~*~ (outnumbered).
  7086 | D:8      | 7086 ||| Stepping ~*~*~tactically~*~*~ (outnumbered).
  7087 | D:8      | 7087 ||| Stepping ~*~*~tactically~*~*~ (outnumbered).
  7089 | D:8      | 7089 ||| Stepping ~*~*~tactically~*~*~ (outnumbered).
  7090 | D:8      | 7090 ||| Stepping ~*~*~tactically~*~*~ (outnumbered).
  7091 | D:8      | 7091 ||| Stepping ~*~*~tactically~*~*~ (outnumbered).
  7092 | D:8      | 7092 ||| Stepping ~*~*~tactically~*~*~ (outnumbered).
  7194 | D:8      | 7194 ||| DROPPING scarf of shadows.
  7257 | D:9      | Found an ornate altar of the Wu Jian Council.
  7302 | D:9      | 7302 ||| Stepping ~*~*~tactically~*~*~ (outnumbered).
  7307 | D:9      | 7307 ||| INVOKING Fiery Armour.
  7307 | D:9      | HP: 21/88 [killer bee (2)]
  7308 | D:9      | 7308 ||| READING scroll of teleportation.
  7309 | D:9      | HP: 9/88 [poisoned by a killer bee]
  7311 | D:9      | HP: 3/88 [poisoned by a killer bee]
  7311 | D:9      | Killed from afar by an acid dragon

Levels and vault maps discovered:
D:1:      dpeg_arrival_shrine, layout_loops_ring, serial_shops,
          nicolae_shop_bloodbath_and_beyond
D:2:      layout_basic, uniq_robin, uniq_jessica
D:3:      layout_basic, serial_rivers, chequers_serial_rivers_micro_d,
          chequers_serial_rivers_large_b, chequers_serial_rivers_micro_b,
          chequers_serial_rivers_small_3, nicolae_figureground_pulse
D:4:      layout_basic, grunt_qazlal_sundering,
          minmay_temple_entry_purple_smoke, chequers_serial_rivers_small_b,
          uniq_ijyb
D:5:      layout_loops_ring, serial_shops, shop
D:6:      layout_basic
D:7:      layout_basic, nicolae_ossuary_entry_giza, minmay_mini_ossuary
D:8:      layout_cave_pods
D:9:      layout_long_grid, pdpol_wu_jian_five_deadly_venoms,
          gammafunk_ghost_arena, serial_shops, kennysheep_mini_moat

Skill      XL: |  1  2  3  4  5  6  7  8  9 |
---------------+----------------------------+-----
Unarmed Combat | 4 5 6 8 9 11 12 | 12.8
Fighting       | 3 4 5 |  5.0
Dodging        | 1 |  1.0
Throwing       | 1 |  1.0
Armour         | 1 |  1.7
Spellcasting   | |  1.0
Fire Magic     | |  2.1

Action                   |  1- 3 |  4- 6 |  7- 9 || total
-------------------------+-------+-------+-------++-------
Melee: Unarmed           |    88 |   136 |   202 ||   426
       Punch             |       |     3 |    15 ||    18
Throw: Boomerang         |       |       |    77 ||    77
Invok: Fiery Armour      |       |     4 |     3 ||     7
  Use: Scroll            |     3 |     7 |    14 ||    24
       Potion            |       |     1 |       ||     1
Armor: Robe              |    24 |    52 |    24 ||   100
       Steam dragon scal |       |       |    30 ||    30
Dodge: Dodged            |    43 |    37 |    79 ||   159
       Repelled          |       |     1 |     1 ||     2

Table legend:
 A = Non-vault XP
 B = Vault XP
 C = Vault XP percentage of total XP
 D = Non-vault monster count
 E = Vault monster count
 F = Vault count percentage of total count
                 A         B        C        D         E       F
            +---------+---------+-------+---------+---------+-------
      Total |    4564 |     403 |   8.1 |     149 |      34 |  18.6
            +---------+---------+-------+---------+---------+-------
        D:1 |      42 |       0 |   0.0 |      23 |       0 |   0.0
        D:2 |      72 |      70 |  49.3 |      17 |      12 |  41.4
        D:3 |      38 |       0 |   0.0 |      13 |       0 |   0.0
        D:4 |     228 |      33 |  12.6 |      16 |       1 |   5.9
        D:5 |    1034 |       0 |   0.0 |      18 |       0 |   0.0
        D:6 |     825 |       0 |   0.0 |      14 |       0 |   0.0
        D:7 |    1283 |      42 |   3.2 |      31 |       8 |  20.5
        D:8 |     853 |       0 |   0.0 |      14 |       0 |   0.0
        D:9 |     189 |       0 |   0.0 |       3 |       0 |   0.0
    Ossuary |       0 |     258 | 100.0 |       0 |      13 | 100.0
            +---------+---------+-------+---------+---------+-------
